Map: Discordance EC

Players

ShaDoWn

  • Race: Protoss Protoss
  • Spawn Location: 7:00

Scarlett - Winner!

  • Race: Zerg Zerg
  • Spawn Location: 1:00

Event: 2019 WCS Summer

VOD

Have the link to the VOD?

Description

Time

  • Played on: July 13, 2019, 10:32 a.m.
  • Length: 11:00

All games in this series

Show
View Real Time Build Order
Export as new Build Order

ShaDoWn Protoss 

Build Orders: 1 Gate Expand 

Get SALT Encoding   

  12  0:00  Probe  
  13  0:12  Probe  
  14  0:17  Pylon  
  14  0:24  Probe  
  15  0:32  Probe  
  15  0:37  Gateway  
  15  0:40  Probe  
  16  0:48  Assimilator  
  17  0:51  Probe  
  18  1:03  Probe  
  19  1:06  Forge  
  19  1:15  Probe  
  20  1:31  Nexus  
  20  1:37  Cybernetics Core  
  20  1:40  Probe  
  20  1:45  Assimilator  
  21  1:52  Probe  
  22  1:55  Pylon  
  22  2:03  Adept  
  22  2:04  Probe  
  23  2:14  Warp Gate  
  25  2:16  Probe  
  26  2:28  Probe  
  27  2:33  Stalker  
  29  2:37  Probe  
  29  2:39  Probe  
  31  2:44  Gateway  
  31  2:45  Probe  
  31  2:47  Probe  
  32  2:54  Probe  
  32  2:57  Probe  
  34  3:03  Sentry  
  37  3:07  Probe  
  37  3:08  Probe  
  37  3:10  Robotics Facility  
  39  3:16  Probe  
  39  3:19  Probe  
  40  3:24  Probe  
  41  3:30  Gateway  
  41  3:31  Probe  
  43  3:34  Pylon  
  43  3:36  Probe  
  44  3:43  Probe  
  44  3:48  Immortal  
  45  3:50  Nexus  
  45  4:02  Pylon  
  49  4:03  Sentry  
  49  4:04  Sentry  
  53  4:21  Gateway  
  53  4:22  Probe  
  53  4:23  Gateway  
  54  4:26  Gateway, Warp Prism  
  56  4:32  Gateway  
  56  4:39  Probe  
  56  4:42  Sentry x2, Pylon  
  61  4:47  Pylon  
  61  4:52  Probe  
  62  5:00  Probe, Pylon  
  62  5:03  Probe  
  64  5:08  Stalker x3  
  71  5:22  Immortal, Nexus  
  71  5:25  Probe  
  70  5:34  Pylon  
  70  5:35  Probe  
  75  5:36  Probe  
  75  5:41  Probe  
  77  5:43  Assimilator  
  77  5:44  Zealot  
  77  5:47  Probe, Assimilator  
  80  5:53  Probe, Immortal  
  85  6:05  Zealot  
  85  6:06  Probe  
  85  6:09  Forge  
  85  6:10  Twilight Council  
  88  6:17  Stalker x2  
  90  6:22  Shield Battery  
  90  6:23  Immortal  
  94  6:33  Shield Battery  
  94  6:40  Stalker, Zealot x2  
  100  6:50  Pylon  
  100  7:01  Stalker  
  85  7:25  Nexus  
  85  7:26  Immortal  
  85  7:27  Blink  
  85  7:29  Protoss Ground Weapons Level 1  
  89  7:33  Probe x2  
  89  7:36  Pylon  
  91  7:39  Stalker  
  91  7:44  Pylon  
  93  7:46  Probe  
  94  7:54  Stalker x4  
  96  8:08  Probe  
  96  8:10  Probe  
  86  8:13  Stalker x2  
  86  8:14  Stalker  
  86  8:20  Stalker x4  
  86  8:21  Probe  
  86  8:23  Probe  
  96  8:33  Probe  
  97  8:35  Probe  
  98  8:43  Zealot  
  98  8:44  Sentry x2  
  98  8:46  Stalker, Sentry, Probe  
  98  8:47  Probe  
  98  8:48  Probe  
  109  8:54  Probe  
  111  8:55  Probe  
  111  8:59  Zealot  
  111  9:02  Stalker  
  117  9:04  Stalker  
  117  9:09  Stalker x2  
  119  9:16  Stalker  
  118  9:18  Probe  
  118  9:20  Probe  
  120  9:36  Assimilator  
  118  9:38  Stalker x2  
  118  9:40  Assimilator  
  120  9:47  Probe x3  
  120  9:49  Photon Cannon, Pylon  
  120  9:50  Pylon  
  123  9:59  Probe  
  123  10:00  Photon Cannon  
  123  10:05  Probe  
  125  10:07  Probe x2  
  125  10:09  Stalker x2  
  129  10:22  Stalker x3  
  113  10:39  Stalker  
  113  10:40  Stalker x3  
  95  10:47  Stalker x3  
Show
View Real Time Build Order
Export as new Build Order

Scarlett Zerg - Winner!

Build Orders: Pool First, Muta Ling Bane 

Get SALT Encoding   

  12  0:00  Drone  
  13  0:12  Overlord  
  13  0:17  Drone  
  14  0:31  Drone  
  14  0:32  Drone  
  16  0:36  Drone  
  17  0:43  Spawning Pool  
  17  0:48  Drone  
  17  0:50  Extractor  
  16  0:57  Drone  
  17  1:07  Drone  
  18  1:20  Drone  
  18  1:22  Hatchery  
  18  1:31  Queen  
  20  1:36  Zergling x2  
  21  1:44  Overlord  
  21  1:51  Drone  
  22  2:06  Metabolic Boost  
  22  2:07  Queen  
  24  2:12  Drone  
  24  2:13  Drone  
  26  2:27  Drone  
  27  2:34  Queen  
  29  2:39  Drone x4  
  33  2:52  Hatchery  
  33  2:57  Overlord  
  32  3:00  Zergling x2  
  32  3:03  Drone  
  32  3:05  Zergling x2  
  35  3:07  Zergling x2  
  35  3:11  Overlord  
  36  3:16  Drone x2  
  36  3:18  Drone  
  36  3:19  Drone  
  40  3:21  Drone  
  40  3:22  Drone  
  40  3:26  Drone  
  43  3:28  Drone  
  43  3:30  Drone  
  45  3:38  Lair  
  45  3:45  Drone x6  
  50  3:52  Roach Warren  
  50  3:53  Drone  
  50  3:56  Extractor x2  
  50  3:58  Drone x2  
  50  4:02  Overlord  
  50  4:03  Drone  
  50  4:07  Drone x2  
  53  4:11  Queen  
  53  4:15  Overlord  
  55  4:24  Overlord  
  55  4:31  Roach x5  
  55  4:38  Glial Reconstitution, Extractor  
  65  4:39  Roach  
  65  4:43  Overseer  
  65  4:44  Drone  
  65  4:45  Drone x3  
  70  4:50  Zergling x2, Roach x2  
  75  4:58  Roach x2  
  79  5:07  Overlord x4  
  79  5:18  Zergling x2, Roach  
  81  5:30  Zergling x6, Roach x6  
  96  5:37  Zergling x8, Ravager  
  96  5:38  Ravager x2  
  104  5:42  Zergling x2  
  104  5:43  Zergling x4  
  104  5:48  Overlord x2  
  106  5:52  Ravager x2  
  106  5:54  Zergling x4  
  109  6:16  Zergling x24  
  121  6:19  Ravager x4  
  125  6:29  Drone x4  
  125  6:32  Drone, Evolution Chamber  
  129  6:33  Overlord  
  129  6:34  Overlord x2  
  129  6:37  Baneling Nest  
  129  6:38  Drone  
  129  6:46  Ravager  
  121  7:03  Zergling x28  
  121  7:20  Centrifical Hooks, Drone x3  
  118  7:23  Zerg Missile Weapons Level 1  
  118  7:28  Zergling x12  
  124  7:34  Overseer  
  124  7:35  Drone x2  
  125  7:45  Hatchery  
  125  7:47  Drone x3  
  125  7:50  Extractor  
  125  7:51  Spire  
  119  8:10  Drone x5  
  119  8:11  Drone x5  
  122  8:18  Roach x3  
  123  8:35  Extractor  
  123  8:36  Overlord x2  
  123  8:37  Queen  
  124  8:53  Queen  
  126  9:02  Mutalisk x6  
  126  9:03  Mutalisk x6  
  126  9:04  Roach  
  126  9:05  Roach x2  
  155  9:17  Zergling x12  
  156  9:23  Ravager x2, Overlord x2  
  156  9:24  Overlord x2  
  159  9:25  Zergling x8  
  163  9:32  Zergling x8  
  167  9:43  Zergling x12  
  173  9:45  Baneling  
  173  9:46  Baneling x15  
  173  9:47  Baneling  
  173  9:52  Zergling x20  
  183  10:04  Mutalisk x2  
  185  10:08  Zergling x14  
  192  10:21  Zergling x18  
  194  10:23  Baneling x12  
  196  10:34  Zergling x18  
  196  10:35  Zergling x4  
Tags
 
Add a new tag
Caveats
  • Supply blocks, unpowered buildings, or Contaminate may cause inaccurate times.
  • Supply counts are checked every 10 seconds.